 Dungeon Crawl Stone Soup version 0.18-a0-1577-gf591c28 (webtiles) character file.

87 M4edhros the Ducker (level 4, 0/29 HPs)
             Began as an Octopode Wanderer on Mar 18, 2016.
             Slain by an adder (3 damage)
             ... on level 3 of the Dungeon.
             The game lasted 00:02:37 (1530 turns).

M4edhros the Ducker (Octopode Wanderer)             Turns: 1530, Time: 00:02:37

Health: 0/29       AC:  1    Str: 11    XL:     4   Next: 51%
Magic:  7/7        EV: 12    Int: 18    God:
Gold:   68         SH:  0    Dex:  8    Spells: 0 memorised, 7 levels left

rFire  . . .     SeeInvis .     (no weapon)
rCold  . . .     Gourm    .     (no shield)
rNeg   . . .     Faith    .     (helmet restricted)
rPois  .         Spirit   .     j - amulet of inaccuracy (curse)
rElec  .         Dismiss  .     (no ring)
rCorr  .         Reflect  .     (no ring)
SustAt .         Harm     .     (no ring)
MR     .....                    (no ring)
Stlth  ++........               (no ring)
                                (no ring)
                                (no ring)
                                (no ring)

@: lethally poisoned (0 -> -10), not resistant to hostile enchantments,
unstealthy
A: almost no armour, amphibious, 8 rings, constrict 8, camouflage 1, gelatinous
body 1
a: no special abilities


You were on level 3 of the Dungeon.
You were not hungry.

You visited 1 branch of the dungeon, and saw 3 of its levels.

You collected 68 gold pieces.

Inventory:

Hand Weapons
 o - a +0 hunting sling
Missiles
 b - 75 stones (quivered)
 c - 9 sling bullets
 e - 2 javelins
Jewellery
 j - a cursed amulet of inaccuracy (around mantle)
Wands
 a - a wand of enslavement (15/24)
Comestibles
 d - a bread ration
 f - a meat ration
 g - a royal jelly
 k - 2 beef jerkies


   Skills:
 - Level 2.0 Fighting
   Level 3.0 Axes
 * Level 0.0 Slings
 + Level 4.0 Dodging
 - Level 1.3 Stealth
 - Level 2.0 Spellcasting
   Level 1.0 Hexes
 - Level 1.1 Evocations


You had 7 spell levels left.
You didn't know any spells.

Dungeon Overview and Level Annotations

Branches:
Dungeon (2/15)

Altars:


Innate Abilities, Weirdness & Mutations

You cannot wear most types of armour.
You are amphibious.
You can wear up to eight rings at the same time.
You can use your tentacles to constrict eight enemies at once.
Your skin changes colour to match your surroundings (Stealth).
Your rubbery body absorbs attacks (AC +1).


Message History

You miss the adder. Your grab misses the adder.
The adder is lightly wounded.
You feel sick. The adder bites you. x2
You are lethally poisoned!
The adder poisons you!
You miss the adder. Your grab misses the adder.
The adder is lightly wounded.
The adder bites you.
* * * LOW HITPOINT WARNING * * *
You are too injured to fight recklessly!
You are too injured to fight recklessly!
You are too injured to fight recklessly!
You aren't carrying any potions.
Read which item? (? for menu, Esc to quit)
As you read the scroll labeled OKIMYI SAPSIU, it crumbles to dust.
You feel aware of your surroundings.
You sensed 3 altars.
It was a scroll of magic mapping.
* * * LOW HITPOINT WARNING * * *
You feel sick. The adder bites you.
You die...

,,,*****############
,,,,,,,............####**********
,,,,,,.................,,,,,,,,,,
,,,,,,.................,,,,,,,,,,
,,,,,,,................,,,,,,,,,,
,,,,,,*##.............S,,,,,,,,,,
.#....*#...........#*,,,***,,,,,,
.....#*#...<....#####,,,**,,,,,,,
.....###........@...#,,,**,,,,,,,
.................S..#,,,,,,,,,,,*
....#...............#,,,,,,****,,
....#.........<.....#,,,,,,,,,*,,
....#.................,,,,,,,,,,,
....####.........###...,,,,,,,*,,
....# ##'#.#..### *...(,,,,,,,,,
....#####.#....#****,..(,,,,,,,,,
>...'............,,,,,,,,,,,,,,,,


You could see an adder.

Vanquished Creatures
  The ghost of zukataaa the Skirmisher, a weakling DsAK of Lugonu (D:3)
  An adder (D:3)
  An ooze (D:1)
  A dart slug (D:1)
  An orc (D:3)
  A giant cockroach (D:1)
  6 goblins
  2 hobgoblins (D:1)
  5 kobolds (D:1)
  3 bats (D:1)
  A giant newt (D:1)
  6 rats
29 creatures vanquished.

Notes
Turn   | Place    | Note
--------------------------------------------------------------
     0 | D:1      | M4edhros the Octopode Wanderer began the quest for the Orb.
     0 | D:1      | M4edhros set off with: a wand of enslavement (15/24), a +0 hand axe, a potion of lignification, a bread ration
     0 | D:1      | Reached XP level 1. HP: 14/14 MP: 3/3
    76 | D:1      | Reached skill level 1 in Dodging
   154 | D:1      | Reached XP level 2. HP: 12/19 MP: 5/5
   214 | D:1      | Reached skill level 2 in Dodging
   572 | D:1      | Reached XP level 3. HP: 15/24 MP: 6/6
  1205 | D:2      | You fall through a shaft!
  1246 | D:3      | Reached skill level 3 in Dodging
  1287 | D:3      | Noticed zukataaa's ghost (weakling DsAK)
  1316 | D:3      | Killed zukataaa's ghost
  1316 | D:3      | Reached skill level 4 in Dodging
  1316 | D:3      | Reached XP level 4. HP: 15/29 MP: 7/7
  1530 | D:3      | Slain by an adder

Vault maps used:
D:1:      minmay_arrival_doors
D:2:      nicolae_overflow_hidden_temple, nicolae_overflow_crystal_walls
D:3:      grunt_temple_overflow_open

Skill      XL: |  1  2  3 |
---------------+----------+-----
Dodging        | 1 2 4 |  4.0
Fighting       | |  2.0
Axes           | |  3.0
Stealth        | |  1.3
Spellcasting   | |  2.0
Hexes          | |  1.0
Evocations     | |  1.1

Action                   |  1- 3 |  4- 6 || total
-------------------------+-------+-------++-------
Melee: Unarmed           |    99 |     9 ||   108
 Fire: Hunting sling     |       |     3 ||     3
  Use: Potion            |     5 |       ||     5
       Scroll            |     1 |     1 ||     2
 Stab: Sleeping          |     3 |       ||     3
  Eat: Chunk             |     1 |     1 ||     2
